 Dungeon Crawl Stone Soup version 0.16-a0-2930-gdd371d7 (webtiles) character file.

2030 RobertPalmer the Covert (level 9, -7/40 HPs)
             Began as a Vine Stalker Artificer on Dec 3, 2014.
             Was a Follower of Nemelex Xobeh.
             Killed from afar by a gargoyle (12 damage)
             ... with a stone arrow
             ... on level 8 of the Dungeon.
             The game lasted 00:21:33 (5511 turns).

RobertPalmer the Covert (Vine Stalker Artificer)    Turns: 5511, Time: 00:21:34

Health: -7/40      AC:  6    Str: 15    XL:     9   Next: 23%
Magic:  0/18       EV: 11    Int: 19    God:    Nemelex Xobeh [*.....]
Gold:   363        SH:  0    Dex: 15    Spells: 1 memorised, 5 levels left

rFire  . . .     SeeInvis .     a - +0 short sword (venom)
rCold  . . .     Clarity  .     e - +0 leather armour
rNeg   . . .     SustAb   .     (no shield)
rPois  .         Gourm    .     v - +0 helmet
rElec  .         Spirit   +     (no cloak)
rCorr  .         Warding  .     y - +0 pair of gloves
rMut   .         Stasis   .     t - +0 pair of boots
MR     +....                    (no amulet)
Stlth  ++++......               M - ring of wizardry
                                A - ring of invisibility

@: brilliant, somewhat resistant to hostile enchantments, stealthy
A: fangs 3, regeneration 2, magic shield, antimagic bite, no device heal 3, rot
immunity
a: Renounce Religion, Evoke Invisibility


You were on level 8 of the Dungeon.
You worshipped Nemelex Xobeh.
Nemelex Xobeh was aware of your devotion.
You were very hungry.

You visited 2 branches of the dungeon, and saw 9 of its levels.

You collected 363 gold pieces.


Innate Abilities, Weirdness & Mutations

You have razor-sharp teeth.
You heal very quickly.
When hurt, damage is shared between your health and your magic reserves.
Your bite disrupts and absorbs the magic of your enemies.
Potions and wands cannot restore your health.
You are immune to rotting.


   Skills:
 - Level 0.8 Fighting
 - Level 6.9 Short Blades
 - Level 1.5 Dodging
 + Level 10.2 Stealth
 - Level 5.2 Evocations


You had 5 spell levels left.
You knew the following spells:

 Your Spells              Type           Power        Failure   Level  Hunger
a - Ozocubu's Armour      Chrm/Ice       ##......     10%         3    ####...

Inventory:

Hand weapons
 a - a +0 short sword of venom (weapon)
Missiles
 Q - 17 poisoned needles
Armour
 e - a +0 leather armour (worn)
 p - a cursed +0 shield
 t - a +0 pair of boots (worn)
 v - a +0 helmet (worn)
 y - a +0 pair of gloves (worn)
Jewellery
 A - a ring of invisibility (left hand)
 K - a +2 ring of intelligence
 M - a ring of wizardry (right hand)
Magical devices
 b - a wand of flame (6)
 c - a wand of enslavement (7)
 d - a wand of random effects (1)
 z - a wand of frost (0)
Scrolls
 g - 4 scrolls of identify
 h - a scroll of random uselessness {unknown}
 i - a scroll of amnesia {unknown}
 k - 2 scrolls of fear {unknown}
 l - 5 scrolls of teleportation {unknown}
 n - 2 scrolls of blinking {unknown}
 s - 2 scrolls of enchant armour {unknown}
 x - a scroll of recharging {unknown}
 B - a scroll of fog {unknown}
 E - a scroll of enchant weapon {unknown}
 F - 6 scrolls of remove curse {unknown}
Potions
 j - a potion of restore abilities {unknown}
 m - 3 potions of cure mutation {unknown}
 r - 3 potions of curing {unknown}
 w - 2 potions of might {unknown}
 C - a potion of ambrosia {unknown}
 D - 4 potions of brilliance {unknown}
 G - a potion of cancellation {unknown}
 I - a potion of lignification {unknown}
 J - a potion of haste {unknown}
 L - 2 potions of poison {unknown}
Books
 o - a book of Frost
Miscellaneous
 O - a plain deck of war {drawn: 2}
 P - a plain deck of destruction {drawn: 1}
Comestibles
 f - 8 bread rations
 q - a meat ration
 u - 2 beef jerkies
 H - 5 fruits
 N - a slice of pizza

Dungeon Overview and Level Annotations

Branches:
Dungeon (8/15)             Temple (1/1) D:6
   Lair: D:8-11

Altars:
Cheibriados
Elyvilon
Fedhas
Gozag
Nemelex Xobeh
Yredelemnul

Shops:
D:3 *   D:6 (

Annotations:
D:5 Pikel

. ..## .....
...... .......
.......
###+#####.......
.(.......8......!
.........f...#
........<#...#
.####....#####
###+##


You could see a gargoyle.


Message History

You bite the gargoyle, but do no damage.
The gargoyle is lightly damaged.
The gargoyle hits you with a flail!
You barely miss the gargoyle.
The gargoyle is lightly damaged.
You hit the gargoyle but do no damage.
You bite the gargoyle, but do no damage.
The gargoyle is lightly damaged.
The gargoyle hits you with a flail.
You hit the gargoyle.
You bite the gargoyle, but do no damage.
The gargoyle is moderately damaged.
The gargoyle hits you with a flail!
* * * LOW HITPOINT WARNING * * *
You are feeling very hungry.
You hit the gargoyle but do no damage.
The gargoyle is moderately damaged.
You hit the gargoyle.
You bite the gargoyle, but do no damage.
The gargoyle is moderately damaged.
The gargoyle hurls a stone arrow at you.
The stone arrow hits you!
* * * LOW HITPOINT WARNING * * *
You hit the gargoyle but do no damage.
You bite the gargoyle, but do no damage.
The gargoyle is moderately damaged.
The gargoyle hurls a stone arrow at you.
The stone arrow hits you!
You die...
Your body glows slightly and disappears.

Action                   |  1- 3 |  4- 6 |  7- 9 || total
-------------------------+-------+-------+-------++-------
Melee: Short sword       |   123 |   212 |   374 ||   709
 Abil: Evoke Invisibilit |       |     2 |       ||     2
Evoke: Wand              |       |     6 |    28 ||    34
       Deck              |       |       |     3 ||     3
  Use: Scroll            |     1 |     3 |     3 ||     7
 Stab: Sleeping          |     1 |     1 |     5 ||     7
       Invisible         |       |     1 |       ||     1
  Eat: Chunk             |     1 |     7 |     8 ||    16

Vault maps used:
D:1:      onia_arrival_pentagram, hangedman_decor_slide_cut
D:2:      first_bread
D:3:      grunt_gozag_potion_petition
D:5:      corexii_shack_village, elyvilon_altar_4, uniq_pikel, uniq_natasha,
          uniq_menkaure
D:6:      cheibrodos_beetle_habitat, minmay_temple_entry_butterflies,
          serial_shops, shop
D:7:      kennysheep_big_flooded_room, the_bakery, minmay_misc_feat_room
D:8:      lair_0_dummy, serial_shops, shop, minmay_hedge_maze,
          roderic_ravens_nest, nemelex_lonely_heart_becter, uniq_prince_ribbit1,
          uniq_duvessa, uniq_erolcha
Temple:   nicolae_temple_elliptical

Notes
Turn   | Place    | Note
--------------------------------------------------------------
     0 | D:1      | RobertPalmer, the Vine Stalker Artificer, began the quest for the Orb.
     0 | D:1      | Reached XP level 1. HP: 9/9 MP: 1/1
    70 | D:1      | Reached skill level 3 in Evocations
    98 | D:1      | Reached XP level 2. HP: 7/14 MP: 4/4
   365 | D:1      | Reached XP level 3. HP: 15/17 MP: 3/5
   395 | D:1      | Reached skill level 4 in Evocations
  1407 | D:2      | Reached XP level 4. HP: 11/21 MP: 8/8
  1588 | D:3      | Found Gozag's Nutrition Petition.
  1589 | D:3      | Found an opulent altar of Gozag.
  1774 | D:3      | Reached skill level 5 in Evocations
  1900 | D:3      | Reached skill level 1 in Short Blades
  1934 | D:3      | Reached XP level 5. HP: 25/25 MP: 11/11
  2090 | D:3      | Reached skill level 2 in Short Blades
  2509 | D:4      | Reached skill level 3 in Short Blades
  2509 | D:4      | Gained mutation: You heal very quickly. [vine stalker growth]
  2509 | D:4      | Reached XP level 6. HP: 20/29 MP: 11/13
  2668 | D:4      | Reached skill level 4 in Short Blades
  3141 | D:5      | Entered Level 5 of the Dungeon
  3177 | D:5      | Got a steaming leather armour
  3178 | D:5      | Identified the cursed -3 leather armour of Lifelessness {Stlth+} (You found it on level 5 of the Dungeon)
  3306 | D:5      | Reached skill level 5 in Short Blades
  3306 | D:5      | Reached XP level 7. HP: 32/32 MP: 15/15
  3331 | D:5      | Noticed Menkaure
  3337 | D:5      | Killed Menkaure
  3453 | D:5      | Noticed Natasha
  3457 | D:5      | Killed Natasha
  3457 | D:5      | Reached skill level 6 in Short Blades
  3586 | D:5      | Learned a level 3 spell: Ozocubu's Armour
  3598 | D:5      | Noticed Natasha
  3608 | D:5      | Killed Natasha
  3711 | D:5      | Noticed Pikel
  3756 | D:5      | Noticed Pikel
  3756 | D:5      | Pikel changed into Pikel the spiny frog
  3866 | D:5      | Noticed Natasha
  3872 | D:5      | Killed Natasha
  3893 | D:5      | Found a white marble altar of Elyvilon.
  3991 | D:5      | Gained mutation: You have razor-sharp teeth. [vine stalker growth]
  3991 | D:5      | Reached XP level 8. HP: 37/37 MP: 18/18
  4040 | D:5      | Reached skill level 2 in Stealth
  4232 | D:6      | Found a staircase to the Ecumenical Temple.
  4249 | D:6      | Reached skill level 3 in Stealth
  4261 | Temple   | Entered the Ecumenical Temple
  4272 | Temple   | Became a worshipper of Nemelex Xobeh the Trickster
  4325 | D:6      | Reached skill level 4 in Stealth
  4356 | D:6      | Reached skill level 5 in Stealth
  4403 | D:6      | Found Xipnidibb's Antique Weapon Emporium.
  4436 | D:6      | Received a gift from Nemelex Xobeh
  4514 | D:6      | Reached skill level 6 in Stealth
  4612 | D:5      | Reached skill level 7 in Stealth
  4888 | D:6      | Found a snail-covered altar of Cheibriados.
  4946 | D:6      | Reached skill level 8 in Stealth
  5218 | D:7      | Reached skill level 9 in Stealth
  5218 | D:7      | Reached XP level 9. HP: 34/40 MP: 16/18
  5258 | D:7      | Reached skill level 10 in Stealth
  5306 | D:7      | Received a gift from Nemelex Xobeh
  5495 | D:8      | Noticed a gargoyle
  5510 | D:8      | HP: 4/40 [gargoyle/stone arrow (16)]
  5511 | D:8      | Killed from afar by a gargoyle

Vanquished Creatures
  A spriggan (D:7)
  A hungry ghost (D:7)
  2 centaurs
  A water moccasin (D:7)
  A phantom (D:5)
  A slave (D:5)
  An ogre (D:5)
  A giant frog (D:6)
  A water moccasin zombie (D:6)
  5 wights (D:6)
  A centaur zombie (D:6)
  A goliath beetle (D:6)
  3 crimson imps
  A giant frog zombie (D:5)
  A giant frog skeleton (D:5)
  2 hounds
  An iguana (D:4)
  An orc priest (D:6)
  5 orc wizards
  Natasha (thrice) (D:5)
  5 worker ants
  A hound skeleton (D:5)
  6 adders
  A gnoll (D:7)
  2 shadow imps
  2 giant mites
  4 worms
  An adder zombie (D:5)
  9 giant geckos
  2 oozes (D:1)
  21 orcs
  8 bats
  7 giant cockroaches
  14 goblins
  10 hobgoblins
  14 kobolds
  A ball python (D:4)
  8 giant newts
  11 rats
  2 butterflies (D:6)
163 creatures vanquished.

Vanquished Creatures (collateral kills)
  Menkaure (D:5)
  An orc wizard (D:6)
  A goblin (D:5)
  A bat (D:5)
  A kobold (D:5)
5 creatures vanquished.

Vanquished Creatures (others)
  3 slaves (D:5)
  A worm (D:6)
  2 orcs (D:5)
6 creatures vanquished.

Grand Total: 174 creatures vanquished
